[Event "January 9 Early 2024"]
[Site "https://www.chess.com"]
[Date "2024.01.11"]
[Round "8"]
[White "Pakleza, Zbigniew"]
[Black "Matinian, Nikita"]
[Result "1-0"]
[Board "101"]
[TimeControl "180+1"]
[WhiteFideId "1119290"]
[BlackFideId "24129100"]
[WhiteElo "2875"]
[BlackElo "2721"]
[WhiteTeam "POL"]
[BlackTeam "FID"]
[WhiteClock "0:00:08"]
[BlackClock "0:00:02"]

1. d4 Nf6 2. Nf3 g6 3. Bf4 Bg7 4. e3 O-O 5. Be2 d6 6. h3 b6 7. O-O Bb7 8. a4 a6 9. c3 Ne4 10. Bh2 Nd7 11. Nbd2 Nxd2 12. Nxd2 e5 13. Bf3 Qc8 14. Qb3 Kh8 15. Rfd1 f5 16. Rac1 f4 17. exf4 exf4 18. Re1 c5 19. Bxb7 Qxb7 20. Re7 Rae8 21. Rce1 Rxe7 22. Rxe7 cxd4 23. Qe6 dxc3 24. bxc3 Nc5 25. Qxd6 Qc8 26. Bxf4 Nb7 27. Qxb6 Rxf4 28. Rxb7 Rf8 29. c4 Rd8 30. Nf3 Rf8 31. Qc7 Qe8 32. Qxg7# 1-0

[Event "January 9 Early 2024"]
[Site "https://www.chess.com"]
[Date "2024.01.11"]
[Round "8"]
[White "Gopal, K.N."]
[Black "Huschenbeth, Niclas"]
[Result "0-1"]
[Board "102"]
[TimeControl "180+1"]
[WhiteFideId "5001447"]
[BlackFideId "24604747"]
[WhiteElo "2250"]
[BlackElo "2473"]
[WhiteTeam "IND"]
[BlackTeam "GER"]
[WhiteClock "0:00:07"]
[BlackClock "0:00:23"]

1. e4 c5 2. Nf3 d6 3. b3 Nf6 4. d3 g6 5. Bb2 Bg7 6. Nbd2 O-O 7. Be2 Nc6 8. O-O e5 9. c4 Nh5 10. g3 f5 11. Nh4 Nf4 12. exf5 gxf5 13. Rb1 Nd4 14. Bxd4 cxd4 15. Bf3 Nxd3 16. Bd5+ Kh8 17. Qh5 Qe8 18. Qe2 e4 19. f3 Qh5 20. Ng2 Bd7 21. g4 fxg4 22. fxe4 Ne5 23. Bxb7 Nf3+ 24. Nxf3 gxf3 25. Qd1 Rab8 26. Bd5 Qg4 27. Rf2 fxg2 28. Qxg4 Bxg4 29. Kxg2 Rxf2+ 30. Kxf2 Rf8+ 31. Kg3 Be2 32. e5 Bxe5+ 33. Kg2 d3 34. Re1 d2 0-1

[Event "January 9 Early 2024"]
[Site "https://www.chess.com"]
[Date "2024.01.11"]
[Round "8"]
[White "Adel, Sara"]
[Black "Mohammadi, Melika"]
[Result "0-1"]
[Board "103"]
[TimeControl "180+1"]
[WhiteFideId "10616764"]
[BlackFideId "42529271"]
[WhiteElo "2211"]
[BlackElo "2458"]
[WhiteTeam "EGY"]
[BlackTeam "IRI"]
[WhiteClock "0:01:21"]
[BlackClock "0:00:06"]

1. e4 e5 2. Nf3 Nc6 3. Bc4 Nf6 4. d3 Be7 5. Nbd2 O-O 6. Nf1 d5 7. exd5 Nxd5 8. Ng3 Nb6 9. Bb3 Na5 10. Be3 Nxb3 11. axb3 Bd6 12. Ra5 Bb4+ 13. Bd2 Bxa5 14. Bxa5 Qd5 15. Bc3 Re8 16. h3 Bd7 17. O-O Bc6 18. Re1 Nd7 19. Ne4 f5 20. Ng3 g6 21. Nf1 e4 22. dxe4 Qxd1 23. Rxd1 fxe4 24. Nd4 Ne5 25. Ne3 Rad8 26. Re1 b6 27. Nxc6 Nxc6 28. Ng4 Re6 29. f3 e3 30. Rxe3 Rd1+ 31. Kf2 Rxe3 32. Kxe3 Rg1 33. Nf6+ Kf7 34. Nd5 Rxg2 35. Nxc7 Rxc2 36. Nb5 Rh2 37. Nd6+ Ke6 38. Ne4 h6 39. Nf2 Rg2 40. Be1 Ne7 41. Ke2 Nf5 42. Kf1 Rg3 43. Ke2 Nd4+ 44. Ke3 Nc2+ 45. Kf4 Rg2 46. Nd3 Nxe1 47. Nxe1 Rxb2 48. b4 Rxb4+ 49. Kg3 a5 50. Nd3 Rb1 51. Nf4+ Kf5 52. Nd3 a4 53. Nf2 a3 54. Ne4 a2 55. Nd6+ Ke6 56. Nc4 a1=Q 57. Nd2 Qe5+ 58. f4 Qe3+ 59. Kg4 Rg1+ 60. Kh4 Qg3# 0-1

[Event "January 9 Early 2024"]
[Site "https://www.chess.com"]
[Date "2024.01.11"]
[Round "8"]
[White "Quirke, Jeffrey"]
[Black "Dmitrenko, Viktor"]
[Result "0-1"]
[Board "104"]
[TimeControl "180+1"]
[WhiteFideId "2013029"]
[BlackFideId "14110270"]
[WhiteElo "2135"]
[BlackElo "2453"]
[WhiteTeam "USA"]
[BlackTeam "UKR"]
[WhiteClock "0:00:02"]
[BlackClock "0:00:22"]

1. e4 e6 2. d4 d5 3. Bd3 dxe4 4. Bxe4 Nf6 5. Bf3 e5 6. dxe5 Qxd1+ 7. Kxd1 Ng4 8. Bxg4 Bxg4+ 9. f3 Bf5 10. Bf4 Nc6 11. c3 O-O-O+ 12. Nd2 h6 13. h4 Be7 14. Ne2 Rhe8 15. Ke1 Bd3 16. Ng3 Bd6 17. Nge4 Bxe5 18. Bxe5 Nxe5 19. Kf2 Bc2 20. Nb3 Nd3+ 21. Kg3 Nxb2 22. Rhe1 Na4 23. Rac1 Bxe4 24. fxe4 Rd3+ 25. Kf4 Rxc3 26. Rxc3 Nxc3 27. Nd4 Nxa2 28. Nf5 g5+ 29. hxg5 hxg5+ 30. Kxg5 Nc3 31. e5 Nd5 32. g4 Rg8+ 33. Kh4 Nf4 34. Kg3 Ng6 35. e6 fxe6 36. Rxe6 Kd7 37. Re3 a5 38. Rd3+ Kc8 39. g5 b6 0-1

[Event "January 9 Early 2024"]
[Site "https://www.chess.com"]
[Date "2024.01.11"]
[Round "8"]
[White "Szyszylo, Rafal"]
[Black "Clawitter, Craig"]
[Result "1-0"]
[Board "105"]
[TimeControl "180+1"]
[WhiteFideId "1109626"]
[BlackFideId "2023105"]
[WhiteElo "2392"]
[BlackElo "2236"]
[WhiteTeam "POL"]
[BlackTeam "USA"]
[WhiteClock "0:00:01"]
[BlackClock "0:00:01"]

1. e4 e6 2. d4 d5 3. e5 c5 4. c3 Qb6 5. Nf3 Nc6 6. Bd3 cxd4 7. O-O Bd7 8. Re1 dxc3 9. Nxc3 a6 10. Be3 Qd8 11. Rc1 Nge7 12. h4 Ng6 13. Bg5 Be7 14. g3 h6 15. Bd2 O-O 16. Bb1 Rc8 17. h5 Nh8 18. Qc2 f5 19. exf6 Rxf6 20. Qh7+ Kf7 21. Nh4 Qg8 22. Qd3 Bc5 23. Re2 Rf8 24. Be1 Ke8 25. Nxd5 Rxf2 26. Bxf2 Bxf2+ 27. Kg2 Bxg3 28. Qxg3 Kd8 29. Qc7+ 1-0

[Event "January 9 Early 2024"]
[Site "https://www.chess.com"]
[Date "2024.01.11"]
[Round "8"]
[White "Gabrielian, Artur"]
[Black "Zhu, Jiner"]
[Result "1-0"]
[Board "106"]
[TimeControl "180+1"]
[WhiteFideId "4131002"]
[BlackFideId "8608059"]
[WhiteElo "2798"]
[BlackElo "2611"]
[WhiteTeam "RUS"]
[BlackTeam "CHN"]
[WhiteClock "0:00:25"]
[BlackClock "0:00:01"]

1. e4 c5 2. Nf3 d6 3. d4 cxd4 4. Nxd4 Nf6 5. Nc3 Nc6 6. Bc4 e6 7. Be3 Bd7 8. Qe2 a6 9. O-O-O Na5 10. Bd3 Rc8 11. g4 e5 12. Nf5 g6 13. g5 gxf5 14. gxf6 Rxc3 15. bxc3 f4 16. Bd2 Qb6 17. Rdg1 Be6 18. Kd1 Qb1+ 19. Bc1 Qxa2 20. Rg7 Bxg7 21. fxg7 Rg8 22. Rg1 Nc4 23. Qh5 Nb2+ 24. Bxb2 Qxb2 25. Kd2 a5 26. Qxh7 f6 27. Qg6+ Ke7 28. h4 Rc8 29. c4 Qd4 30. Ke2 Bxc4 31. Bxc4 Qxc4+ 32. Kf3 Rg8 33. h5 Qc3+ 34. Kg4 Qxc2 35. h6 Qxf2 36. Kf5 Qh2 37. Qxf6+ 1-0

[Event "January 9 Early 2024"]
[Site "https://www.chess.com"]
[Date "2024.01.11"]
[Round "8"]
[White "Avramidou, Anastasia"]
[Black "Sieciechowicz, Marcin"]
[Result "0-1"]
[Board "107"]
[TimeControl "180+1"]
[WhiteFideId "4239873"]
[BlackFideId "1130170"]
[WhiteElo "2521"]
[BlackElo "2682"]
[WhiteTeam "GRE"]
[BlackTeam "POL"]
[WhiteClock "0:00:06"]
[BlackClock "0:00:41"]

1. d4 Nf6 2. c4 g6 3. Nc3 Bg7 4. h4 d6 5. e4 Nbd7 6. Be2 e5 7. d5 Nc5 8. Qc2 a5 9. h5 O-O 10. hxg6 fxg6 11. Bg5 Bd7 12. Nf3 c6 13. dxc6 Bxc6 14. Nd2 Ne6 15. Be3 Nd4 16. Qd3 Nd7 17. Nf3 Nc5 18. Qb1 Qd7 19. Nd5 Bxd5 20. exd5 Nxe2 21. Kxe2 Qg4 22. Rh4 Qxg2 23. Qh1 Qxh1 24. Raxh1 h5 25. Rg1 e4 26. Nd4 Kh7 27. Nb5 Be5 28. Bxc5 dxc5 29. Rxe4 Rae8 30. b3 Bh2 31. Rxe8 Rxe8+ 32. Kf1 Bxg1 33. Kxg1 Kg7 34. Nd6 Re7 35. Nc8 Rd7 36. Nb6 Rd6 37. Nc8 Rd8 38. Nb6 Kf6 39. Na4 b6 40. Kg2 Rd6 41. Nc3 Ke5 42. Kf3 g5 43. Nb5 Rf6+ 44. Kg3 h4+ 45. Kg4 Rxf2 46. d6 Rg2+ 47. Kh3 Rd2 48. Kg4 Rxd6 0-1

[Event "January 9 Early 2024"]
[Site "https://www.chess.com"]
[Date "2024.01.11"]
[Round "8"]
[White "Averchenko, Sergej"]
[Black "Hoffmann, Asa"]
[Result "0-1"]
[Board "108"]
[TimeControl "180+1"]
[WhiteFideId "4131533"]
[BlackFideId "2001470"]
[WhiteElo "2000"]
[BlackElo "2374"]
[WhiteTeam "RUS"]
[BlackTeam "USA"]
[WhiteClock "0:00:04"]
[BlackClock "0:00:44"]

1. d4 Nf6 2. c4 c5 3. d5 e5 4. Nc3 d6 5. Nf3 Be7 6. g3 O-O 7. Bg2 Ne8 8. O-O f5 9. e4 Nf6 10. Ng5 Na6 11. Ne6 Bxe6 12. dxe6 Nc7 13. exf5 Rb8 14. g4 h6 15. Nd5 b5 16. b3 Ncxd5 17. cxd5 c4 18. bxc4 bxc4 19. Be3 Qa5 20. h3 Rfc8 21. Re1 c3 22. Re2 Bd8 23. Rc2 Bb6 24. Bxb6 Rxb6 25. Rac1 Rb5 26. h4 Nxd5 27. Bxd5 Rxd5 28. Qf3 Rdc5 29. f6 Rc4 30. g5 Qb4 31. e7 Rg4+ 32. Kf1 Qc4+ 33. Re2 Rf4 34. Qe3 gxf6 35. gxf6 Rxf6 36. Qxa7 Re8 37. Qd7 Kf7 38. Rc2 Rxe7 39. Qh3 e4 40. Rxc3 Qd4 41. Rce3 d5 42. Qg4 Qe5 43. Qc8 Qe6 44. Qh8 Rg6 0-1

[Event "January 9 Early 2024"]
[Site "https://www.chess.com"]
[Date "2024.01.11"]
[Round "8"]
[White "Chan, Wei Xuan Timothy"]
[Black "Fernandez Garcia, Gumersindo"]
[Result "1-0"]
[Board "109"]
[TimeControl "180+1"]
[WhiteFideId "5802032"]
[BlackFideId "24516740"]
[WhiteElo "2728"]
[BlackElo "2398"]
[WhiteTeam "SGP"]
[BlackTeam "ESP"]
[WhiteClock "0:00:26"]
[BlackClock "0:00:04"]

1. e4 c5 2. Nf3 e6 3. b3 b6 4. Bb2 Bb7 5. Qe2 Nf6 6. e5 Nd5 7. g3 Nc6 8. Bg2 Be7 9. O-O h5 10. c4 Ndb4 11. h4 Nc2 12. Nc3 Nxa1 13. Bxa1 Qc7 14. Nb5 Qb8 15. Ng5 a6 16. Nd6+ Bxd6 17. exd6 Nd4 18. Bxd4 cxd4 19. Qe5 f6 20. Qxd4 Bxg2 21. Kxg2 Qb7+ 22. Nf3 O-O-O 23. Qd3 g5 24. Kg1 e5 25. Re1 Rde8 26. hxg5 e4 27. Qe3 fxg5 28. Nxg5 h4 29. g4 Kb8 30. Nxe4 Qc6 31. f3 h3 32. Kh2 Kb7 33. d4 Ref8 34. d5 Qc8 35. a4 Qd8 36. a5 bxa5 37. Nc5+ Kb8 38. Nxa6+ Kb7 39. Nc5+ Kb8 40. b4 a4 41. Ra1 Qf6 42. Nxd7+ Kb7 43. Nxf6 1-0

[Event "January 9 Early 2024"]
[Site "https://www.chess.com"]
[Date "2024.01.11"]
[Round "8"]
[White "Filippova, Margarita"]
[Black "Petersson, Kjell"]
[Result "1-0"]
[Board "110"]
[TimeControl "180+1"]
[WhiteFideId "34199680"]
[BlackFideId "1705148"]
[WhiteElo "2345"]
[BlackElo "2133"]
[WhiteTeam "RUS"]
[BlackTeam "SWE"]
[WhiteClock "0:00:51"]
[BlackClock "0:00:16"]

1. e4 c5 2. Nf3 d6 3. d4 cxd4 4. Qxd4 Nc6 5. Bb5 Bd7 6. Bxc6 Bxc6 7. Nc3 Nf6 8. Bg5 e6 9. O-O-O Be7 10. Qd3 O-O 11. Nd4 Rc8 12. f4 Qa5 13. Kb1 a6 14. f5 e5 15. Nb3 Qc7 16. Bxf6 Bxf6 17. g4 b5 18. h4 a5 19. g5 Bd8 20. Rh2 a4 21. Nc1 b4 22. Nd5 Bxd5 23. Qxd5 Qc5 24. Qxd6 Bb6 25. Qxc5 Rxc5 26. Rhd2 Rc4 27. Re2 Bd4 28. b3 Rc6 29. bxa4 Ra8 30. Nb3 Bc3 31. a5 h6 32. Re3 Kf8 33. Red3 hxg5 34. hxg5 Rc7 35. Rd7 Rxd7 36. Rxd7 Ke8 37. Rd5 Ke7 38. Kc1 Ra6 39. Kd1 Ra8 40. Ke2 Rh8 41. a6 Rh2+ 42. Kd3 Rd2+ 43. Kc4 Rxc2 44. Kb5 Rxa2 45. Kb6 Bd4+ 46. Nxd4 exd4 47. Rxd4 b3 48. Rb4 b2 49. e5 Kd7 50. Kb7 Ra4 51. Rxb2 Ra5 52. a7 f6 53. Rd2+ Ke7 54. gxf6+ gxf6 55. exf6+ Kf7 56. a8=Q Rxa8 57. Kxa8 1-0

[Event "January 9 Early 2024"]
[Site "https://www.chess.com"]
[Date "2024.01.11"]
[Round "8"]
[White "Shohat, Yotam"]
[Black "Narayanan S L"]
[Result "1-0"]
[Board "111"]
[TimeControl "180+1"]
[WhiteFideId "2813955"]
[BlackFideId "5058422"]
[WhiteElo "2465"]
[BlackElo "2971"]
[WhiteTeam "ISR"]
[BlackTeam "IND"]
[WhiteClock "0:00:04"]
[BlackClock "0:00:50"]

1. e4 g6 2. d4 Bg7 3. Nc3 a6 4. f4 b5 5. Nf3 Bb7 6. Bd3 d6 7. a4 b4 8. Ne2 c5 9. c3 Nf6 10. Ng3 h5 11. e5 Nd5 12. h4 e6 13. Ne4 O-O 14. Nxd6 Bc6 15. Bd2 bxc3 16. bxc3 cxd4 17. cxd4 Nd7 18. O-O a5 19. Rb1 N7b6 20. Ng5 Bxa4 21. Qf3 Bc6 22. Rfc1 Qd7 23. Rxb6 Nxb6 24. Rxc6 Nd5 25. Rc1 a4 26. g4 a3 27. gxh5 a2 28. Ra1 Qxd6 29. exd6 Bxd4+ 30. Kh2 Bxa1 31. hxg6 Ra7 32. gxf7+ Rfxf7 33. Nxf7 Rxf7 34. Bc4 Be5 35. Bxa2 Nxf4 36. Kh1 Bxd6 37. Qg4+ Kf8 38. Bxf4 Rxf4 39. Qxe6 Bb4 40. Qg8+ Ke7 41. Qg5+ Rf6 42. Qe5+ 1-0

[Event "January 9 Early 2024"]
[Site "https://www.chess.com"]
[Date "2024.01.11"]
[Round "8"]
[White "Bazilius, Augustinas"]
[Black "Bueno, Alfeu Junior Varela"]
[Result "0-1"]
[Board "112"]
[TimeControl "180+1"]
[WhiteFideId "12832251"]
[BlackFideId "2108879"]
[WhiteElo "2510"]
[BlackElo "2417"]
[WhiteTeam "LTU"]
[BlackTeam "BRA"]
[WhiteClock "0:00:01"]
[BlackClock "0:00:03"]

1. e4 e6 2. Nf3 d5 3. e5 c5 4. d4 cxd4 5. Nxd4 Nc6 6. Nxc6 bxc6 7. Be2 Ba6 8. O-O Bxe2 9. Qxe2 Bc5 10. Be3 Bxe3 11. Qxe3 Ne7 12. b4 O-O 13. a3 Nf5 14. Qe2 a5 15. Nd2 Qb6 16. c3 c5 17. Rab1 axb4 18. axb4 Ra2 19. Ra1 Rfa8 20. bxc5 Qxc5 21. Rxa2 Rxa2 22. Qd3 Ra3 23. Rb1 g6 24. g4 Rxc3 25. Qf1 Nd4 26. Kg2 Rc2 27. Nb3 Nxb3 28. Rxb3 d4 29. Rf3 Qd5 30. Qe1 Rc3 31. Qe2 Kf8 32. Kg3 d3 0-1

[Event "January 9 Early 2024"]
[Site "https://www.chess.com"]
[Date "2024.01.11"]
[Round "8"]
[White "Rakitin, Daniil"]
[Black "Horak, Martin"]
[Result "1-0"]
[Board "113"]
[TimeControl "180+1"]
[WhiteFideId "24219762"]
[BlackFideId "367095"]
[WhiteElo "2686"]
[BlackElo "2521"]
[WhiteTeam "RUS"]
[BlackTeam "CZE"]
[WhiteClock "0:00:06"]
[BlackClock "0:00:03"]

1. e4 c5 2. Nf3 Nc6 3. Bb5 Nf6 4. e5 Nd5 5. Nc3 Nc7 6. Bxc6 dxc6 7. h3 h6 8. O-O Bf5 9. d3 Qd7 10. a4 g5 11. Nd2 Bg7 12. Re1 O-O-O 13. Nc4 Nd5 14. a5 Kb8 15. Na4 Nf4 16. Nxc5 Qd5 17. Bxf4 gxf4 18. b4 Rhg8 19. Ne4 Bxe5 20. Nxe5 Qxe5 21. Qf3 Bxe4 22. Qxe4 Qg5 23. Qe5+ Qxe5 24. Rxe5 e6 25. Re4 f3 26. g3 Rg5 27. Rf4 Rb5 28. Rxf3 Rxb4 29. Rxf7 Rb2 30. a6 b6 31. Re1 1-0

[Event "January 9 Early 2024"]
[Site "https://www.chess.com"]
[Date "2024.01.11"]
[Round "8"]
[White "Saim, Mohamed Ilias"]
[Black "Kekic, Armin"]
[Result "0-1"]
[Board "114"]
[TimeControl "180+1"]
[WhiteFideId "7900465"]
[BlackFideId "14401274"]
[WhiteElo "2107"]
[BlackElo "2336"]
[WhiteTeam "ALG"]
[BlackTeam "BIH"]
[WhiteClock "0:00:01"]
[BlackClock "0:00:32"]

1. c4 e5 2. g3 Nc6 3. Bg2 Nf6 4. Nc3 Bb4 5. Nd5 Bc5 6. a3 a5 7. d3 h6 8. Nf3 d6 9. O-O O-O 10. Rb1 Nd4 11. b4 axb4 12. axb4 Nxf3+ 13. Bxf3 Nxd5 14. Bxd5 Bb6 15. Qc2 c6 16. Bg2 Bg4 17. c5 Bc7 18. cxd6 Qxd6 19. b5 Rfc8 20. bxc6 bxc6 21. Qxc6 Bxe2 22. Qxd6 Bxd6 23. Bxa8 Bxf1 24. Be4 Bh3 25. Be3 h5 26. Bg2 Bxg2 27. Kxg2 Rc3 28. d4 e4 29. Rb6 Ba3 30. Rb5 g6 31. d5 Rd3 32. Ra5 Bd6 33. Ra8+ Kg7 34. Ra5 f5 35. Kg1 Kf6 36. Kf1 g5 37. Ke2 f4 38. gxf4 gxf4 39. Bd2 f3+ 40. Ke1 Rxd2 41. Ra6 Rxd5 42. Ra8 Kf5 43. h4 Bf4 44. Rf8+ Kg4 45. Rf7 Rc5 0-1

[Event "January 9 Early 2024"]
[Site "https://www.chess.com"]
[Date "2024.01.11"]
[Round "8"]
[White "Kislinsky, Alexey"]
[Black "Kochiev, Ivan"]
[Result "0-1"]
[Board "115"]
[TimeControl "180+1"]
[WhiteFideId "14108801"]
[BlackFideId "2917890"]
[WhiteElo "2728"]
[BlackElo "2589"]
[WhiteTeam "CZE"]
[BlackTeam "BUL"]
[WhiteClock "0:00:17"]
[BlackClock "0:00:10"]

1. e4 c5 2. Nf3 d6 3. d4 cxd4 4. Qxd4 a6 5. Bc4 Nc6 6. Qd3 Bg4 7. Nc3 g6 8. Bb3 Bg7 9. h3 Bxf3 10. Qxf3 Nf6 11. O-O O-O 12. Rd1 Rc8 13. Nd5 Nd7 14. c3 e6 15. Ne3 Qe7 16. Qe2 Rfd8 17. Nc4 Nc5 18. Bc2 d5 19. exd5 Rxd5 20. Be3 Rcd8 21. a4 b5 22. axb5 axb5 23. Nb6 Rxd1+ 24. Rxd1 Rxd1+ 25. Qxd1 b4 26. Qf3 b3 27. Bd1 Ne5 28. Qa8+ Bf8 29. Na4 Qd7 30. Bxc5 Qxd1+ 31. Kh2 Nd7 32. Bb4 Kg7 33. Bxf8+ Nxf8 34. Qe4 Qc2 35. Qd4+ Kg8 36. c4 e5 37. Qd5 Ne6 38. c5 Nf4 39. Qxe5 Qxf2 40. Qe4 f5 41. Qa8+ Kg7 42. Nc3 Qxb2 43. Qb7+ Kh6 44. Qb4 Qxg2# 0-1

[Event "January 9 Early 2024"]
[Site "https://www.chess.com"]
[Date "2024.01.11"]
[Round "8"]
[White "Rasulov, Vugar"]
[Black "Haug, Havard"]
[Result "0-1"]
[Board "116"]
[TimeControl "180+1"]
[WhiteFideId "13402390"]
[BlackFideId "1547887"]
[WhiteElo "2963"]
[BlackElo "2799"]
[WhiteTeam "AZE"]
[BlackTeam "NOR"]
[WhiteClock "0:00:11"]
[BlackClock "0:00:28"]

1. Nf3 d5 2. c4 e6 3. e3 c5 4. Nc3 Nf6 5. d4 Nc6 6. a3 dxc4 7. Bxc4 a6 8. dxc5 Qxd1+ 9. Kxd1 Bxc5 10. b4 Ba7 11. Ke2 b5 12. Bd3 Ke7 13. Bb2 Bb7 14. Rac1 Rac8 15. Rhd1 Rhd8 16. Ne4 Nxe4 17. Bxe4 g6 18. Rxd8 Nxd8 19. Rxc8 Bxc8 20. g4 Bb7 21. Bd3 f5 22. g5 Nf7 23. Bf6+ Kd7 24. Nd2 e5 25. Bc2 Bd5 26. e4 Be6 27. exf5 Bxf5 28. Bb3 Be6 29. Bxe6+ Kxe6 30. Ne4 Nd6 31. Nd2 Kd5 32. f3 e4 33. Be7 exf3+ 34. Kxf3 Nc4 35. Ne4 Nxa3 36. Nf6+ Ke6 37. Bc5 Bb8 38. h4 Be5 39. Nxh7 Nc2 40. Ke4 Bc3 41. h5 gxh5 42. g6 Bxb4 43. Bf2 Be7 44. Bg3 Bf6 45. Bc7 b4 46. Ba5 b3 47. Bb4 Nxb4 0-1

[Event "January 9 Early 2024"]
[Site "https://www.chess.com"]
[Date "2024.01.11"]
[Round "8"]
[White "Poormosavi, Seyed Kian"]
[Black "Zhigalko, Sergei"]
[Result "0-1"]
[Board "117"]
[TimeControl "180+1"]
[WhiteFideId "12585807"]
[BlackFideId "13502956"]
[WhiteElo "2739"]
[BlackElo "2917"]
[WhiteTeam "IRI"]
[BlackTeam "BLR"]
[WhiteClock "0:00:12"]
[BlackClock "0:00:13"]

1. Nf3 d5 2. g3 c6 3. Bg2 Bg4 4. O-O Nd7 5. h3 Bh5 6. d3 e6 7. e4 Bd6 8. Qe2 Ne7 9. Nbd2 O-O 10. c3 a5 11. Re1 Re8 12. a4 h6 13. Nf1 Nc5 14. Qc2 Bg6 15. Nd4 Qb6 16. Be3 e5 17. Ne2 Qa6 18. Red1 Ne6 19. Nd2 Rad8 20. f4 exf4 21. gxf4 dxe4 22. Nxe4 Nd5 23. Qc1 Bc7 24. Bf3 Nxe3 25. Qxe3 f5 26. Nf2 Ng5 27. Qxe8+ Rxe8 28. fxg5 hxg5 29. Kg2 Qb6 30. Rd2 Qe3 31. Rad1 Qe5 32. Ng1 Qg3+ 33. Kf1 g4 34. hxg4 fxg4 35. Nxg4 Rf8 36. Rf2 Rxf3 37. Nxf3 Qxg4 38. d4 Be4 39. Nd2 Qxd1# 0-1

[Event "January 9 Early 2024"]
[Site "https://www.chess.com"]
[Date "2024.01.11"]
[Round "8"]
[White "Vakhidov, Shahzod"]
[Black "Carre, Sylvain"]
[Result "1/2-1/2"]
[Board "118"]
[TimeControl "180+1"]
[WhiteFideId "14205270"]
[BlackFideId "642118"]
[WhiteElo "2504"]
[BlackElo "2374"]
[WhiteTeam "UZB"]
[BlackTeam "FRA"]
[WhiteClock "0:00:20"]
[BlackClock "0:00:18"]

1. d4 d5 2. Nf3 Nf6 3. c4 c6 4. cxd5 cxd5 5. Nc3 Nc6 6. Bf4 e6 7. e3 Bd6 8. Bg3 a6 9. Bd3 b5 10. Rc1 Bb7 11. O-O Bxg3 12. hxg3 O-O 13. Ne5 Nxe5 14. dxe5 Ne4 15. Bxe4 dxe4 16. Qg4 Rc8 17. Nxe4 Bxe4 18. Qxe4 Rxc1 19. Rxc1 Qd2 20. Qc2 Qd5 21. a4 Qxe5 22. axb5 Qxb5 23. Rd1 h6 24. Qc3 Rb8 25. Rd4 Qxb2 26. Rd8+ Kh7 27. Qd3+ g6 28. Rxb8 Qxb8 29. Qxa6 Qb1+ 30. Kh2 Qb2 31. Kg1 Kg7 32. Qd3 h5 33. f3 Qa1+ 34. Kh2 Qb2 35. Qe4 Qf6 36. f4 Qb2 37. Qd3 Qf6 38. e4 Qb2 39. e5 Qb8 40. Qd7 Qb1 41. Qd8 Qf5 42. Qe7 Kg8 43. Qe8+ Kg7 44. Qe7 Kg8 45. Kg1 Kg7 46. Kh2 1/2-1/2

[Event "January 9 Early 2024"]
[Site "https://www.chess.com"]
[Date "2024.01.11"]
[Round "8"]
[White "Novozhilov, Semen"]
[Black "Costachi, Mihnea"]
[Result "0-1"]
[Board "119"]
[TimeControl "180+1"]
[WhiteFideId "24289167"]
[BlackFideId "1217518"]
[WhiteElo "2711"]
[BlackElo "2873"]
[WhiteTeam "RUS"]
[BlackTeam "ROU"]
[WhiteClock "0:00:07"]
[BlackClock "0:00:05"]

1. d4 Nf6 2. Nf3 e6 3. e3 d5 4. Bd3 c5 5. b3 Nc6 6. O-O Be7 7. Bb2 O-O 8. c4 b6 9. Nc3 cxd4 10. exd4 Bb7 11. Qe2 dxc4 12. bxc4 Nb4 13. Bb1 Bxf3 14. Qxf3 Qxd4 15. a3 Na6 16. Qb7 Bd6 17. Qxa6 Bxh2+ 18. Kh1 Qh4 19. Rd1 Ng4 20. Ne4 Bg3+ 21. Kg1 Bxf2+ 22. Kf1 Ne3+ 23. Ke2 Qg4+ 24. Kxf2 Nxd1+ 25. Kg1 Nxb2 26. Qb5 Qd1+ 27. Kh2 Qd4 28. Qh5 g6 29. Qh4 Qe5+ 30. Kh1 Rad8 31. Nf6+ Kg7 32. Qxh7+ Kxf6 33. Bxg6 Rh8 34. Rf1+ Ke7 35. Rxf7+ Kd6 36. c5+ bxc5 37. Rd7+ Rxd7 0-1

[Event "January 9 Early 2024"]
[Site "https://www.chess.com"]
[Date "2024.01.11"]
[Round "8"]
[White "Bodnaruk, Anastasia"]
[Black "Carow, Johannes"]
[Result "0-1"]
[Board "120"]
[TimeControl "180+1"]
[WhiteFideId "4181751"]
[BlackFideId "24692050"]
[WhiteElo "2552"]
[BlackElo "2715"]
[WhiteTeam "RUS"]
[BlackTeam "GER"]
[WhiteClock "0:00:02"]
[BlackClock "0:00:07"]

1. e4 c5 2. Nc3 a6 3. g3 b5 4. Bg2 Bb7 5. Nge2 e6 6. d4 cxd4 7. Nxd4 Nf6 8. O-O b4 9. Na4 Bxe4 10. Bxe4 Nxe4 11. Re1 Nc5 12. c4 Nxa4 13. Qxa4 Bc5 14. Be3 Qb6 15. Rad1 O-O 16. Nb3 Bxe3 17. Rxe3 a5 18. c5 Qc7 19. Red3 Rc8 20. Rd6 h6 21. h4 Qb7 22. R1d3 Qe4 23. Qb5 Nc6 24. f4 e5 25. Nd2 Qe1+ 26. Kg2 Qe2+ 27. Kh3 e4 28. Nxe4 Qxe4 29. Rxd7 Rab8 30. Qa6 Ne7 31. Qd6 Nf5 32. Qe5 Qh1+ 33. Kg4 g6 34. Qf6 Rf8 35. c6 Rb5 36. c7 h5+ 37. Kg5 Qh3 0-1

[Event "January 9 Early 2024"]
[Site "https://www.chess.com"]
[Date "2024.01.11"]
[Round "8"]
[White "Kuznecova, Marija"]
[Black "Franchini, Gabriele"]
[Result "0-1"]
[Board "121"]
[TimeControl "180+1"]
[WhiteFideId "11618736"]
[BlackFideId "806790"]
[WhiteElo "2370"]
[BlackElo "2240"]
[WhiteTeam "LAT"]
[BlackTeam "ITA"]
[WhiteClock "0:00:04"]
[BlackClock "0:00:27"]

1. e4 e6 2. d4 d5 3. Nc3 Nf6 4. e5 Nfd7 5. f4 c5 6. Nf3 Nc6 7. Be3 cxd4 8. Nxd4 Bc5 9. Ncb5 O-O 10. Nxc6 bxc6 11. Bxc5 Nxc5 12. Nd6 Qb6 13. Bd3 Qxb2 14. O-O Qd4+ 15. Kh1 Nxd3 16. cxd3 Ba6 17. Rf3 Rab8 18. Rc1 c5 19. Qe1 Rb2 20. Qg3 Rfb8 21. f5 Rb1 22. Rff1 Qxd3 23. Qxd3 Bxd3 24. Rfd1 Rxc1 25. Rxc1 Bxf5 26. Kg1 c4 27. Nxc4 dxc4 28. Rxc4 g5 29. Ra4 Rb7 30. Kf2 Kg7 31. Ke3 h5 32. Kd4 Rd7+ 33. Kc5 Rd5+ 34. Kc6 Rxe5 35. Rxa7 Re2 36. g3 Rxh2 37. a4 h4 38. gxh4 gxh4 39. Kd6 Ra2 40. a5 h3 41. a6 h2 42. Ke7 h1=Q 43. Ke8 Qc6+ 44. Ke7 Qc5+ 45. Ke8 Qxa7 46. Kd8 Rd2+ 47. Ke8 Qd7# 0-1

[Event "January 9 Early 2024"]
[Site "https://www.chess.com"]
[Date "2024.01.11"]
[Round "8"]
[White "Sturt, Raven"]
[Black "Sanal, Vahap"]
[Result "1-0"]
[Board "122"]
[TimeControl "180+1"]
[WhiteFideId "2007304"]
[BlackFideId "6300545"]
[WhiteElo "2783"]
[BlackElo "2924"]
[WhiteTeam "USA"]
[BlackTeam "TUR"]
[WhiteClock "0:00:19"]
[BlackClock "0:00:17"]

1. f4 d5 2. Nf3 c5 3. e3 Nc6 4. b3 Bg4 5. Bb5 e6 6. Bb2 Ne7 7. O-O a6 8. Be2 Nf5 9. Qe1 Be7 10. h3 Bxf3 11. Bxf3 h5 12. g3 Bf6 13. Nc3 b5 14. Rc1 g6 15. Kg2 Qc7 16. Nxd5 exd5 17. Bxf6 Rg8 18. Bxd5 Qd6 19. e4 Qxf6 20. e5 Qd8 21. Bxc6+ Ke7 22. Bxa8 Qxa8+ 23. Kh2 h4 24. g4 Ng3 25. Rf2 Qd5 26. Qe3 Rd8 27. c4 bxc4 28. bxc4 Qc6 29. f5 gxf5 30. gxf5 Rd4 31. Qg5+ Kd7 32. e6+ fxe6 33. fxe6+ Qxe6 34. Qxc5 Rd3 35. Qa7+ Ke8 36. Qb8+ Kd7 37. Qb7+ Ke8 38. Qb8+ Kd7 39. Qb7+ Ke8 40. Qg2 Qe5 41. Qa8+ Rd8 42. Rf8+ Kxf8 43. Qxd8+ Kg7 44. Qd7+ Kh6 45. Qc6+ Kg7 46. Qb7+ Kh6 47. Qxa6+ Kh5 48. Qb5 1-0